 Dungeon Crawl Stone Soup version 0.30.0-29-ga12c61a403 (webtiles) character file.

Game seed: 13307044661134148107

53 DildoBatman the Conjurer (level 4, -3/32 HPs)
             Began as a Formicid Conjurer on June 14, 2023.
             Slain by a gnoll
             ... wielding a +0 whip
              (8 damage)
             ... on level 3 of the Dungeon.
             The game lasted 00:02:27 (1565 turns).

DildoBatman the Conjurer (Formicid Conjurer)        Turns: 1565, Time: 00:02:28

Health: -3/32      AC:  2    Str: 12    XL:     4   Next: 10%
Magic:  3/7        EV: 12    Int: 19    God:
Gold:   112        SH:  0    Dex: 12    Spells: 5/8 levels left

rFire   . . .        a - +0 sling
rCold   . . .        (no shield)
rNeg    . . .        h - +0 robe
rPois   .            (helmet unavailable)
rElec   .            (no cloak)
rCorr   .            (no gloves)
SInv    +            (no boots)
Will    .....        (no amulet)
Stlth   ++           (no ring)
HPRegen 0.25/turn    (no ring)
MPRegen 0.10/turn

%: no passive effects
@: no status effects
A: permanent stasis, dig shafts and tunnels, antennae 3, four strong arms
a: Dig, Shaft Self


You were on level 3 of the Dungeon.
You visited 1 branch of the dungeon, and saw 3 of its levels.

You collected 112 gold pieces.

Inventory:

Hand Weapons
 a - a +0 sling (weapon)
 b - a +2 dagger of holy wrath
Missiles
 l - 4 poisoned darts
Armour
 h - a +0 robe (worn)
Jewellery
 m - a ring of willpower
Scrolls
 c - a scroll of fear {unknown}
 e - a scroll of identify {unknown}
 f - a scroll of poison {unknown}
 g - a scroll of vulnerability {unknown}
 j - a scroll of enchant armour {unknown}
 k - a scroll of amnesia {unknown}
Potions
 d - a potion of magic
 i - 3 potions of brilliance {unknown}
 n - a potion of degeneration {unknown}


   Skills:
 * Level 1.3 Fighting
 * Level 1.3 Armour
 * Level 2.2 Dodging
 - Level 3.0 Stealth
 * Level 2.5 Spellcasting
 * Level 3.8 Conjurations


You had 5 spell levels left.
You knew the following spells:

 Your Spells              Type           Power      Damage    Failure   Level
a - Searing Ray           Conj           34%        2d5       4%          2
c - Magic Dart            Conj           68%        1d6       3%          1

Your spell library contained the following spells:

 Spells                   Type           Power      Damage    Failure   Level
 Dazzling Flash           Conj/Hex       18%        N/A       22%         3
 Fulminant Prism          Conj/Hex       4%         3d5       58%         4
 Iskenderun's Mystic Bla  Conj/Tloc      9%         2d4       58%         4


Dungeon Overview and Level Annotations

Branches:
Dungeon (3/15)

Altars:


Innate Abilities, Weirdness & Mutations

You cannot be hasted, slowed, berserked, paralysed or teleported.
You can dig through walls and to a lower floor.
You have a pair of large antennae on your head. (SInv)
Your four strong arms can wield two-handed weapons with a shield.


Message History

r - Retreat! s - Stop attacking. g - Guard the area. f - Follow me.
Anything else - Cancel.
You shout for attention!
The gnoll misses you.
A gnoll comes into view. It is wielding a +0 club.
What are your orders? t - Shout!
Orders for allies: a - Attack new target. r - Retreat! s - Stop attacking. g - Guard the area. f - Follow me.
Anything else - Cancel.
You shout for attention!
The gnoll hits you with a +0 whip. What are your orders? t - Shout!
Orders for allies: a - Attack new target. r - Retreat! s - Stop attacking. g - Guard the area. f - Follow me.
Anything else - Cancel.
You shout for attention!
You hear an angry hiss.
The gnoll barely misses you. What are your orders? t - Shout!
Orders for allies: a - Attack new target. r - Retreat! s - Stop attacking. g - Guard the area. f - Follow me.
Anything else - Cancel.
You shout for attention!
The gnoll hits you with a +0 whip. What are your orders? t - Shout!
Orders for allies: a - Attack new target. r - Retreat! s - Stop attacking. g - Guard the area. f - Follow me.
Anything else - Cancel.
You shout for attention!
The gnoll hits you with a +0 whip!
You die...

###
########.########
#...............#
#.#######..####.##
#@# # #.#.......
######g#.##
#..##.####
#.....gg..#
#..##.#
....###.#.##
#..##.# .. #)###
#..##.# {
..#######.....####
#.....[...###..(..
#.#.#.##.## #....#
#.# #.##.####....#


You could see 3 gnolls.

Vanquished Creatures
  A gnoll (D:3)
  An adder (D:2)
  A worm (D:2)
  4 endoplasms
  2 giant cockroaches
  4 goblins
  4 hobgoblins
  3 bats
  2 frilled lizards (D:1)
  5 kobolds (D:1)
  3 rats
30 creatures vanquished.

Notes
Turn   | Place    | Note
-------+----------+-------------------------------------------
     0 | D:1      | DildoBatman the Formicid Conjurer began the quest for the
                  | Orb.
     0 | D:1      | Reached XP level 1. HP: 13/13 MP: 3/3
   336 | D:1      | Reached XP level 2. HP: 20/20 MP: 0/5
   339 | D:1      | Learned a level 2 spell: Searing Ray
   804 | D:2      | Reached skill level 1 in Fighting
   804 | D:2      | Reached XP level 3. HP: 26/26 MP: 4/6
   888 | D:2      | Reached skill level 1 in Armour
   891 | D:2      | Found a faded altar of an unknown god.
  1550 | D:3      | Reached XP level 4. HP: 20/32 MP: 2/7
  1565 | D:3      | Slain by a gnoll

Illustrated notes

Levels and vault maps discovered:
D:1:      dpeg_arrival_central, layout_basic, chequers_serial_rivers_room_b,
          chequers_hall_statues_y
D:2:      layout_basic, shapermc_ecumenical_altar_totnotflames
D:3:      layout_loops_ring

Skill      XL: |  1  2  3 |
---------------+----------+-----
Dodging        | 2 |  2.2
Fighting       | 1 |  1.3
Armour         | 1 |  1.3
Stealth        | 3 |  3.0
Spellcasting   | |  2.5
Conjurations   | |  3.8

Action                     |  1- 3 |  4- 6 || total
---------------------------+-------+-------++-------
  Melee: Dagger            |    10 |       ||    10
   Fire: Sling             |    24 |       ||    24
   Cast: Magic Dart        |    24 |       ||    24
         Searing Ray       |     4 |       ||     4
   Stab: Sleeping          |     2 |       ||     2
 Armour: Robe              |     1 |       ||     1
  Dodge: Dodged            |     9 |     2 ||    11
